 Dungeon Crawl Stone Soup version 0.31-a0-426-g3a05650e59 (webtiles) character file.

Game seed: 2649508929012144630

44 Arzdou the Ruffian (level 3, -5/26 HPs)
             Began as a Demonspawn Shapeshifter on July 30, 2023.
             Was an Initiate of Hepliaklqana.
             Slain by a gnoll
             ... wielding a +1 heavy flail
              (16 damage)
             ... on level 2 of the Dungeon.
             The game lasted 00:01:12 (1005 turns).

Arzdou the Ruffian (Demonspawn Shapeshifter)        Turns: 1005, Time: 00:01:13

Health: -5/26      AC:  2    Str: 17    XL:     3   Next: 39%
Magic:  3/3        EV: 12    Int:  9    God:    Hepliaklqana [......]
Gold:   43         SH:  0    Dex: 13    Spells: 2/2 levels left

rFire   . .          .
                       - Unarmed
rCold   . . .        (no shield)
rNeg    . . .        a - +0 animal skin
rPois   .            (helmet currently unavailable)
rElec   .            (cloak currently unavailable)
rCorr   .            (gloves currently unavailable)
SInv    .            (boots currently unavailable)
Will    .....        (no amulet)
Stlth   +            (no ring)
HPRegen 0.24/turn    (no ring)
MPRegen 0.08/turn

%: no passive effects
@: beast-form
A: beast (slay +2), claws 1
a: Begin Untransformation, Renounce Religion


You were on level 2 of the Dungeon.
You worshipped Hepliaklqana.
Hepliaklqana was noncommittal.
You were a hulking beast.
You visited 1 branch of the dungeon, and saw 2 of its levels.

You collected 43 gold pieces.

Inventory:

Armour
 a - a +0 animal skin (worn)
Talismans
 c - a beast talisman (active)
 h - a serpent talisman
Scrolls
 f - a scroll of blinking {unknown}
 i - a scroll of enchant armour {unknown}
Potions
 b - 2 potions of lignification
 d - 2 potions of curing {unknown}
 e - a potion of enlightenment {unknown}
 g - a potion of degeneration {unknown}


   Skills:
 - Level 1.1 Fighting
 - Level 1.8 Dodging
 + Level 3.7 Unarmed Combat
 - Level 3.0 Shapeshifting


You had 2 spell levels left.
You didn't know any spells.
Your spell library was empty.

Dungeon Overview and Level Annotations

Branches:
Dungeon (2/15)

Altars:
Hepliaklqana


Innate Abilities, Weirdness & Mutations

You are a hulking beast.
Your limbs bulge with bestial killing power. (Slay +2)
You have sharp fingernails.


Message History

You kill the gnoll!
You closely miss the jackal. The jackal barely misses you.
The jackal bites you.
You scratch the jackal.
The jackal is lightly wounded.
The jackal bites you but does no damage.
You closely miss the jackal.
The jackal is lightly wounded.
The jackal barely misses you.
You scratch the jackal but do no damage.
The jackal is lightly wounded.
The jackal completely misses you. The jackal bites you.
You scratch the jackal.
The jackal is almost dead.
The jackal closely misses you.
You closely miss the jackal.
The jackal is almost dead.
The jackal barely misses you.
You barely miss the jackal. Your claw misses the jackal.
The jackal is almost dead.
The jackal bites you but does no damage.
The jackal bites you.
You closely miss the jackal. You claw the jackal.
You kill the jackal!
You closely miss the jackal. The jackal closely misses you.
You scratch the jackal.
The jackal is severely wounded.
The jackal misses you.
The jackal bites you but does no damage.
You closely miss the jackal.
The jackal is severely wounded.
The jackal bites you.
You claw the jackal!
You kill the jackal!
The gnoll closely misses you.
Items here: )) †††.
You barely miss the gnoll. Your claw misses the gnoll.
The gnoll hits you with a +1 heavy flail!
Ouch! That really hurt!
You die...

#.# #.# #.# #.# #.#
#####.## .......##
###.###.###########.####
#.# #.........hg......
###.###.#####.#####.####
..............#
#########.....# #
#.....### # #.._....# #
#.....#.##### #
#............ #
##.#.########


You could see a gnoll.

Vanquished Creatures
  2 gnolls (D:2)
  2 worms (D:1)
  2 bats
  An endoplasm (D:2)
  A giant cockroach (D:1)
  2 goblins (D:1)
  3 jackals (D:2)
  A quokka (D:1)
  2 kobolds (D:1)
  2 rats (D:1)
18 creatures vanquished.

Notes
Turn   | Place    | Note
-------+----------+-------------------------------------------
     0 | D:1      | Arzdou the Demonspawn Shapeshifter began the quest for the
                  | Orb.
     0 | D:1      | Reached XP level 1. HP: 15/15 MP: 1/1
   435 | D:1      | Gained mutation: You have sharp fingernails. [demonic
                  | ancestry]
   435 | D:1      | Reached XP level 2. HP: 10/21 MP: 2/2
   873 | D:2      | Found a hazy altar of Hepliaklqana.
   977 | D:2      | Became a worshipper of Hepliaklqana the Forgotten
   989 | D:2      | Reached XP level 3. HP: 18/26 MP: 3/3
  1005 | D:2      | Slain by a gnoll

Illustrated notes

Levels and vault maps discovered:
D:1:      dpeg_arrival_rooms_a, layout_basic, serial_corexii_hall,
          corexii_hall_statues_deadend, corexii_hall_statues_s,
          nicolae_wormholes
D:2:      layout_loops_ring, basic_altar, uniq_jessica

Skill      XL: |  1  2 |
---------------+-------+-----
Unarmed Combat | 3 |  3.7
Shapeshifting  | 3 |  3.0
Fighting       | |  1.1
Dodging        | |  1.8

Action                     || total
---------------------------++-------
  Melee: Unarmed           ||    60
         Punch             ||     1
 Armour: Animal skin       ||     8
  Dodge: Dodged            ||    29

Table legend: (Time is in decaauts)
 A = Elapsed time spent in this place.
 B = Non-inter-level travel time spent in this place.
 C = Inter-level travel time spent in this place.
 D = Time resting spent in this place.
 E = Time spent auto-exploring this place.
 F = Levels seen in this place.
 G = Mean time per level.
                   A        B        C        D        E       F      G
               +--------+--------+--------+--------+--------+-----+--------+
         Total |   1002 |    944 |     58 |      0 |    823 |   2 |  501.0 |
       Dungeon |   1002 |    944 |     58 |      0 |    823 |   2 |  501.0 |
               +--------+--------+--------+--------+--------+-----+--------+

Top non-repeatable levels by time:
     D:1: 853 daAuts
     D:2: 148 daAuts
